PCL
SPOKANE TRAPPERS @ MEXICO CITY CERVECEROS
07/14/2023
 
TOP OF THE 1ST
Spokane Trappers batting - Pitching for Mexico City Cerveceros : RHP Roberto Matoza
Pitching: RHP Roberto Matoza
Batting: RHB Zi-xing King 0-0: Ball
1-0: Fly out, F8 (Line Drive, 8LS)
Batting: RHB John Craig 0-0: SOLO HOME RUN (Flyball, 7D), Distance : 359 ft
Batting: LHB Juan Cortés 0-0: Ball
1-0: Ball
2-0: Called Strike
2-1: Foul Ball, location: 2F
2-2: SINGLE (Line Drive, 8LS)
Batting: RHB Ernesto Acosta 0-0: Ball
1-0: SINGLE (Line Drive, 4MD)
Juan Cortés to second
Batting: RHB Pedro Guzmán 0-0: Called Strike
Juan Cortés is caught stealing 3rd base
Ernesto Acosta to second
0-1: Ball
1-1: Ball
2-1: Fly out, F4 (Popup, 3)
Top of the 1st over - 1 run(s), 3 hit(s), 0 error(s), 1 left on base; Spokane 1 - Mexico City 0
BOTTOM OF THE 1ST
Mexico City Cerveceros batting - Pitching for Spokane Trappers : LHP Adrián León
Pitching: LHP Adrián León
Batting: RHB Randy Sheppard 0-0: Ground out 6-3 (Groundball, 6M)
Batting: RHB Murai Ishihara 0-0: Called Strike
0-1: Ball
1-1: Ball
2-1: Foul Ball, location: 2F
2-2: Foul Ball, location: 2F
2-2: Ball
3-2: Strikes out swinging
Batting: LHB Tony Abete 0-0: Ball
1-0: Foul Ball, location: 2F
1-1: Swinging Strike
1-2: Foul Ball, location: 2F
1-2: Strikes out swinging
Bottom of the 1st over - 0 run(s), 0 hit(s), 0 error(s), 0 left on base; Spokane 1 - Mexico City 0
TOP OF THE 2ND
Spokane Trappers batting - Pitching for Mexico City Cerveceros : RHP Roberto Matoza
Batting: RHB Ramiro Ross 0-0: Ball
1-0: SINGLE (Groundball, 4MD)
Batting: RHB Mario Hernández 0-0: Called Strike
0-1: Foul Ball, location: 2F
0-2: Ball
1-2: Strikes out swinging
Batting: LHB Pete Carter 0-0: Foul Ball, location: 2F
0-1: Fly out, F8 (Flyball, 8LXD)
Batting: RHB Guy Miller 0-0: Ball
1-0: Fly out, F8 (Line Drive, 8LXD)
Top of the 2nd over - 0 run(s), 1 hit(s), 0 error(s), 1 left on base; Spokane 1 - Mexico City 0
BOTTOM OF THE 2ND
Mexico City Cerveceros batting - Pitching for Spokane Trappers : LHP Adrián León
Batting: RHB Dave Morgan 0-0: Ball
1-0: Called Strike
1-1: Ball
2-1: Fly out, F9 (Line Drive, 9S)
Batting: LHB Chad Weaver 0-0: Ball
1-0: SINGLE (Line Drive, 6D)
Batting: RHB Reynold Akker 0-0: Foul Ball, location: 2F
0-1: Ball
1-1: SINGLE (Groundball, 5D)
Chad Weaver to second
Batting: LHB Eduardo Gómez 0-0: Ball
1-0: Called Strike
1-1: Swinging Strike
1-2: 3-RUN HOME RUN (Flyball, 89XD), Distance : 400 ft
Batting: RHB Roberto Zamora 0-0: Ball
1-0: Fly out, F2 (Popup, 2RF)
Batting: RHB Jorge González 0-0: Ball
1-0: Ball
2-0: Called Strike
2-1: Ground out 4-3 (Groundball, 4)
Bottom of the 2nd over - 3 run(s), 3 hit(s), 0 error(s), 0 left on base; Spokane 1 - Mexico City 3
TOP OF THE 3RD
Spokane Trappers batting - Pitching for Mexico City Cerveceros : RHP Roberto Matoza
Batting: RHB Zi-xing King 0-0: Ball
1-0: Foul Ball, location: 2F
1-1: Ball
2-1: Called Strike
2-2: Ball
3-2: DOUBLE (Groundball, 3L)
Batting: RHB John Craig 0-0: Ball
1-0: Called Strike
1-1: Swinging Strike
1-2: SINGLE (Line Drive, 78M)
Zi-xing King to third
Runner from 3rd tries for Home, SAFE, no throw or cutoff
Batting: LHB Juan Cortés 0-0: Ball
1-0: Ball
2-0: Ball
3-0: Base on Balls
John Craig to second
Batting: RHB Ernesto Acosta 0-0: Ball
1-0: Called Strike
1-1: Ball
2-1: Foul Ball, location: 2F
2-2: Ball
3-2: Base on Balls
John Craig to third
Juan Cortés to second
Batting: RHB Pedro Guzmán 0-0: Called Strike
0-1: Foul Ball, location: 2F
0-2: Ball
1-2: Foul Ball, location: 2F
1-2: Ball
2-2: Ball
3-2: Strikes out swinging
Batting: RHB Ramiro Ross 0-0: Called Strike
0-1: Grounds into double play, 6-4-3 (Groundball, 6M)
Top of the 3rd over - 1 run(s), 2 hit(s), 0 error(s), 2 left on base; Spokane 2 - Mexico City 3
BOTTOM OF THE 3RD
Mexico City Cerveceros batting - Pitching for Spokane Trappers : LHP Adrián León
Batting: RHB Randy Sheppard 0-0: SINGLE (Groundball, 15S) (infield hit)
Batting: RHB Murai Ishihara 0-0: Foul Ball, location: 2F
0-1: Ball
1-1: Called Strike
Randy Sheppard steals 2nd base
1-2: SINGLE (Line Drive, 4MD)
Randy Sheppard to third
Batting: LHB Tony Abete 0-0: Ball
1-0: Called Strike
1-1: SINGLE (Line Drive, 6MD)
Randy Sheppard scores
Murai Ishihara to second
Batting: RHB Dave Morgan 0-0: Ball
1-0: Called Strike
1-1: Foul Ball, location: 2F
1-2: Grounds into double play, 6-4-3 (Groundball, 6)
Murai Ishihara to third
Batting: LHB Chad Weaver 0-0: Ball
1-0: Called Strike
1-1: Foul Ball, location: 2F
1-2: Ball
2-2: Ball
3-2: Strikes out swinging
Bottom of the 3rd over - 1 run(s), 3 hit(s), 0 error(s), 1 left on base; Spokane 2 - Mexico City 4
TOP OF THE 4TH
Spokane Trappers batting - Pitching for Mexico City Cerveceros : RHP Roberto Matoza
Batting: RHB Mario Hernández 0-0: Called Strike
0-1: Foul Ball, location: 2F
0-2: Foul Ball, location: 2F
0-2: Ground out 1-3 (Groundball, 23)
Batting: LHB Pete Carter 0-0: Fly out, F7 (Flyball, 7D)
Batting: RHB Guy Miller 0-0: Ball
1-0: Ball
2-0: Ball
3-0: Base on Balls
Batting: RHB Zi-xing King 0-0: Fly out, F9 (Flyball, 89S)
Top of the 4th over - 0 run(s), 0 hit(s), 0 error(s), 1 left on base; Spokane 2 - Mexico City 4
BOTTOM OF THE 4TH
Mexico City Cerveceros batting - Pitching for Spokane Trappers : LHP Adrián León
Batting: RHB Reynold Akker 0-0: Ball
1-0: Ball
2-0: Fly out, F2 (Popup, 13S)
Batting: LHB Eduardo Gómez 0-0: Ball
1-0: Ball
2-0: Called Strike
2-1: Ball
3-1: Foul Ball, location: 2F
3-2: Foul Ball, location: 2F
3-2: Fly out, F5 (Popup, 5F)
Batting: RHB Roberto Zamora 0-0: Foul Ball, location: 2F
0-1: SINGLE (Line Drive, 89S)
Batting: RHB Jorge González 0-0: Ball
1-0: Ball
2-0: Called Strike
2-1: Foul Ball, location: 2F
2-2: Foul Ball, location: 2F
2-2: Ball
3-2: Strikes out swinging
Bottom of the 4th over - 0 run(s), 1 hit(s), 0 error(s), 1 left on base; Spokane 2 - Mexico City 4
TOP OF THE 5TH
Spokane Trappers batting - Pitching for Mexico City Cerveceros : RHP Roberto Matoza
Batting: RHB John Craig 0-0: Ground out 6-3 (Groundball, 6)
Batting: LHB Juan Cortés 0-0: Called Strike
0-1: Ball
1-1: Ground out 6-3 (Groundball, 6)
Batting: RHB Ernesto Acosta 0-0: Called Strike
0-1: Called Strike
0-2: Ground out 3-1 (Groundball, 34S)
Top of the 5th over - 0 run(s), 0 hit(s), 0 error(s), 0 left on base; Spokane 2 - Mexico City 4
BOTTOM OF THE 5TH
Mexico City Cerveceros batting - Pitching for Spokane Trappers : LHP Adrián León
Batting: RHB Randy Sheppard 0-0: Swinging Strike
0-1: Called Strike
0-2: Strikes out swinging
Batting: RHB Murai Ishihara 0-0: Ball
1-0: Called Strike
1-1: Called Strike
1-2: Ball
2-2: Foul Ball, location: 2F
2-2: Ball
3-2: Ground out 6-3 (Groundball, 6)
Batting: LHB Tony Abete 0-0: Called Strike
0-1: Ball
1-1: Ball
2-1: SINGLE (Line Drive, 4M)
Batting: RHB Dave Morgan 0-0: Called Strike
0-1: Called Strike
Tony Abete steals 2nd base
0-2: Strikes out swinging
Bottom of the 5th over - 0 run(s), 1 hit(s), 0 error(s), 1 left on base; Spokane 2 - Mexico City 4
TOP OF THE 6TH
Spokane Trappers batting - Pitching for Mexico City Cerveceros : RHP Roberto Matoza
Batting: RHB Pedro Guzmán 0-0: Ball
1-0: Ball
2-0: Fly out, F9 (Flyball, 9S)
Batting: RHB Ramiro Ross 0-0: Called Strike
0-1: SINGLE (Groundball, 4M)
Batting: RHB Mario Hernández 0-0: Called Strike
0-1: Ball
1-1: DOUBLE (Flyball, 8LXD)
Ramiro Ross to third
Runner from 3rd tries for Home, SAFE, throw made home
Batting: LHB Pete Carter 0-0: Ball
1-0: Ball
2-0: SINGLE (Groundball, 4MD)
Mario Hernández to third
Runner from 3rd tries for Home, SAFE, throw made home
Pete Carter to second
Batting: RHB Guy Miller 0-0: Ball
1-0: Called Strike
1-1: Ball
2-1: Called Strike
2-2: Ball
3-2: Foul Ball, location: 2F
3-2: Fly out, F7 (Flyball, 78M)
Batting: RHB Zi-xing King 0-0: Ball
1-0: SINGLE (Line Drive, 56D)
Pete Carter to third
Runner from 3rd tries for Home, SAFE, no throw or cutoff
Batting: RHB John Craig 0-0: Ball
1-0: Ball
2-0: Ball
3-0: Called Strike
3-1: SINGLE (Line Drive, 89S)
Zi-xing King to second
Pitching: RHP Jared Cameron
Batting: LHB Juan Cortés 0-0: Ball
1-0: Ball
2-0: Ball
3-0: Base on Balls
Zi-xing King to third
John Craig to second
Batting: RHB Ernesto Acosta 0-0: Ball
1-0: Called Strike
1-1: Swinging Strike
1-2: Ball
2-2: Foul Ball, location: 2F
2-2: Strikes out swinging
Top of the 6th over - 3 run(s), 5 hit(s), 0 error(s), 3 left on base; Spokane 5 - Mexico City 4
BOTTOM OF THE 6TH
Mexico City Cerveceros batting - Pitching for Spokane Trappers : LHP Adrián León
Pitching: LHP Miguel Martínez
Batting: LHB Chad Weaver 0-0: Ball
1-0: Called Strike
1-1: Ball
2-1: Fly out, F8 (Flyball, 8RD)
Batting: RHB Reynold Akker 0-0: Ball
1-0: Ball
2-0: Swinging Strike
2-1: Foul Ball, location: 2F
2-2: Strikes out swinging
Batting: LHB Eduardo Gómez 0-0: Called Strike
0-1: Ball
Single, Error in OF, E9, batter to second base
Batting: RHB Roberto Zamora 0-0: Ball
1-0: Called Strike
1-1: Ball
2-1: Ball
3-1: Foul Ball, location: 2F
3-2: Strikes out looking
Bottom of the 6th over - 0 run(s), 1 hit(s), 1 error(s), 1 left on base; Spokane 5 - Mexico City 4
TOP OF THE 7TH
Spokane Trappers batting - Pitching for Mexico City Cerveceros : RHP Jared Cameron
Batting: RHB Pedro Guzmán 0-0: Called Strike
0-1: Foul Ball, location: 2F
0-2: Strikes out swinging
Batting: RHB Ramiro Ross 0-0: Called Strike
0-1: Ball
1-1: Foul Ball, location: 2F
1-2: Foul Ball, location: 2F
1-2: Foul Ball, location: 2F
1-2: Ball
2-2: Strikes out looking
Pitching: RHP Howard Joyce
Batting: RHB Mario Hernández 0-0: Ball
1-0: Ball
2-0: Called Strike
2-1: Foul Ball, location: 2F
2-2: Foul Ball, location: 2F
2-2: Strikes out swinging
Top of the 7th over - 0 run(s), 0 hit(s), 0 error(s), 0 left on base; Spokane 5 - Mexico City 4
BOTTOM OF THE 7TH
Mexico City Cerveceros batting - Pitching for Spokane Trappers : LHP Miguel Martínez
Batting: RHB Jorge González 0-0: Ball
1-0: Ground out 6-3 (Groundball, 6)
Batting: RHB Randy Sheppard 0-0: Ground out 6-3 (Groundball, 6)
Batting: RHB Murai Ishihara 0-0: Called Strike
0-1: Swinging Strike
0-2: Ball
1-2: Strikes out swinging
Bottom of the 7th over - 0 run(s), 0 hit(s), 0 error(s), 0 left on base; Spokane 5 - Mexico City 4
TOP OF THE 8TH
Spokane Trappers batting - Pitching for Mexico City Cerveceros : RHP Howard Joyce
Batting: LHB Pete Carter 0-0: Fly out, F7 (Popup, 7S)
Batting: RHB Guy Miller 0-0: Swinging Strike
0-1: Swinging Strike
0-2: Foul Ball, location: 2F
0-2: Strikes out swinging
Batting: RHB Zi-xing King 0-0: Ball
1-0: Ball
Error on foul ball, E3
2-1: Ground out 4-3 (Groundball, 4M)
Top of the 8th over - 0 run(s), 0 hit(s), 1 error(s), 0 left on base; Spokane 5 - Mexico City 4
BOTTOM OF THE 8TH
Mexico City Cerveceros batting - Pitching for Spokane Trappers : LHP Miguel Martínez
Pitching: LHP Júlio Hernández
Batting: LHB Tony Abete 0-0: Foul Ball, location: 2F
0-1: Called Strike
0-2: Ball
1-2: Foul Ball, location: 2F
1-2: Strikes out swinging
Pitching: RHP Ching-wei Zi
Batting: RHB Dave Morgan 0-0: SINGLE (Flyball, 8LS)
Pitching: LHP Alberto Cabrera
Pinch Hitting: RHB Pablo Trujillo 0-0: Ball
1-0: Ball
2-0: Ball
3-0: Called Strike
3-1: Foul Ball, location: 2F
3-2: SINGLE (Line Drive, 89S)
Dave Morgan to second
Pitching: RHP José Navarro
Pinch Runner at 2nd Javier Escobedo:
Pinch Hitting: LHB Luka Lagerweij 0-0: Called Strike
0-1: Ball
1-1: SINGLE (Line Drive, 89S)
Javier Escobedo to third
Pablo Trujillo to second
Runner from 3rd tries for Home, SAFE, no throw or cutoff
Pinch Runner at 2nd Orlando González:
Batting: LHB Eduardo Gómez 0-0: Called Strike
0-1: Ball
1-1: Fielders Choice at 2nd, 1-4 (Groundball, 13)
Orlando González to third
Pinch Hitting: LHB Brandon Cummings 0-0: Foul Ball, location: 2F
0-1: Ball
1-1: Ball
2-1: Foul Ball, location: 2F
2-2: Foul Ball, location: 2F
2-2: Foul Ball, location: 2F
2-2: Fly out, F3 (Popup, 3)
Bottom of the 8th over - 1 run(s), 3 hit(s), 0 error(s), 2 left on base; Spokane 5 - Mexico City 5
TOP OF THE 9TH
Spokane Trappers batting - Pitching for Mexico City Cerveceros : RHP Howard Joyce
Pitching: RHP Gilberto Barrera
Now at 3B: Orlando González
Now at SS: Sadayoshi Kato
Now in LF: Luka Lagerweij
Pinch Hitting: SHB António Hinojosa 0-0: Ground out 1-3 (Groundball, 3S)
Batting: LHB Juan Cortés 0-0: Ball
1-0: Ball
2-0: Foul Ball, location: 2F
2-1: Called Strike
2-2: Foul Ball, location: 2F
2-2: Ball
3-2: Base on Balls
Batting: RHB Ernesto Acosta 0-0: Ball
1-0: Ball
2-0: DOUBLE (Flyball, 89XD)
Juan Cortés to third
Runner from 3rd tries for Home, SAFE, no throw or cutoff
Pinch Hitting: LHB José Feliciano 0-0: Called Strike
0-1: Foul Ball, location: 2F
0-2: Strikes out swinging
Pinch Hitting: LHB Henry Leroux 0-0: Called Strike
0-1: Foul Ball, location: 2F
0-2: Foul Ball, location: 2F
0-2: Strikes out looking
Top of the 9th over - 1 run(s), 1 hit(s), 0 error(s), 1 left on base; Spokane 6 - Mexico City 5
BOTTOM OF THE 9TH
Mexico City Cerveceros batting - Pitching for Spokane Trappers : RHP José Navarro
Pitching: RHP José Ortíz
Now at 1B: Henry Leroux
Now at 2B: Clyde Kelley
Now at 3B: Keith Browne
Pinch Hitting: LHB Francisco Franco 0-0: Ball
1-0: Ball
2-0: Ball
3-0: Called Strike
3-1: SINGLE (Groundball, 3D)
Batting: RHB Randy Sheppard 0-0: Bunted foul
0-1: Ball
1-1: Sac Bunt - play at first, batter OUT! 2-4
Francisco Franco to second
Batting: RHB Murai Ishihara 0-0: DOUBLE (Line Drive, 7LM)
Francisco Franco scores
Batting: LHB Tony Abete 0-0: Intentional Walk
Batting: LHB Javier Escobedo 0-0: Called Strike
0-1: Ball
1-1: Ball
2-1: Foul Ball, location: 2F
2-2: Foul Ball, location: 2F
2-2: Foul Ball, location: 2F
2-2: SINGLE (Groundball, 34D)
Murai Ishihara to third
Tony Abete to second
Runner from 3rd tries for Home, SAFE, no throw or cutoff
This league is powered by Out of the Park Baseball, the baseball management simulation game for PC, Mac and Linux
Wednesday, December 2nd, 2015 - OOTP Baseball 16.8 Build 38